 Dungeon Crawl Stone Soup version 0.30-a0-4-ga7cffc901d (webtiles) character file.

Game seed: 10759895826984595208

14 frimble the Digger (level 2, -1/19 HPs)
             Began as a Demonspawn Earth Elementalist on Aug 20, 2022.
             Killed from afar by an orc wizard (7 damage)
             ... with a puff of flame
             ... on level 3 of the Dungeon.
             The game lasted 00:01:14 (1254 turns).

frimble the Digger (Demonspawn Earth Elementalist)  Turns: 1254, Time: 00:01:15

Health: -1/19      AC:  2    Str:  8    XL:     2   Next: 31%
Magic:  5/5        EV: 12    Int: 16    God:
Gold:   88         SH:  0    Dex: 13    Spells: 4/5 levels left

rFire   . . .      SeeInvis .    h - +0 rapier
rCold   . . .      Faith    .    (no shield)
rNeg    + . .      Spirit   .    a - +0 robe
rPois   .          Reflect  .    (no helmet)
rElec   .          Harm     .    (no cloak)
rCorr   .          Rampage  .    (no gloves)
Will    .....                    (no boots)
Stlth   ++........               (no amulet)
HPRegen 0.06/turn                e - ring of positive energy
MPRegen 0.09/turn                (no ring)

@: mighty, flying
A: powered by death 1
a: no special abilities


You were on level 3 of the Dungeon.
You visited 1 branch of the dungeon, and saw 3 of its levels.

You collected 88 gold pieces.

Inventory:

Hand Weapons
 h - a +0 rapier (weapon)
Armour
 a - a +0 robe (worn)
Jewellery
 d - a ring of wizardry
 e - a ring of positive energy (left hand)
Potions
 b - a potion of magic
 c - a potion of brilliance
 i - a potion of haste {unknown}


   Skills:
 + Level 0.7 Short Blades
 - Level 1.9 Dodging
 - Level 2.0 Stealth
 - Level 2.1 Spellcasting
 - Level 1.1 Transmutations
 - Level 2.8 Earth Magic


You had 4 spell levels left.
You knew the following spells:

 Your Spells              Type           Power      Damage    Failure   Level
a - Sandblast             Erth           20%        2d7       6%          1

Your spell library contained the following spells:

 Spells                   Type           Power      Damage    Failure   Level
 Passwall                 Tmut/Erth      6%         N/A       14%         2
 Stone Arrow              Conj/Erth      12%        3d7       34%         3
 Petrify                  Tmut/Erth      8%         N/A       65%         4


Dungeon Overview and Level Annotations

Branches:
Dungeon (3/15)

Altars:
Makhleb

Annotations:
D:2 Sigmund, Terence


Innate Abilities, Weirdness & Mutations

You regenerate a little health from kills.


Message History

You hit the kobold.
You kill the kobold!
The bat barely misses you. Terence hits you with a +0 hand axe.
You are too injured to fight recklessly!
You are too injured to fight recklessly!
The endoplasm quivers.
The bat hits you but does no damage. The adder closely misses you.
The adder attacks as you move away! The adder bites you.
The adder attacks as you move away! The adder bites you.
Terence screams, "I want your blood!" The adder bites you.
The adder attacks as you move away! The adder bites you. The bat hits you.
The bat barely misses you. The bat closely misses you.
The bat closely misses you. The bat closely misses you.
There is an escape hatch in the floor here.
The bat hits you.
You slide downwards.
The hatch slams shut behind you.
Reactivating autopickup.
There are monsters nearby!
An orc wizard comes into view. It is wielding a +0 dagger.
Found a whip.
An orc comes into view.
It is wielding a +2 hand axe of flaming.
The orc shouts!
You hear a shout!
Okay, then.
As you read the scroll labelled SUETU TIQI, it crumbles to dust.
You hear a loud clanging noise!
It was a scroll of noise.
You hear a shout! x2
Unknown command.
It was a potion of flight.
You feel very buoyant.
You fly up into the air.
An endoplasm comes into view.
It was a potion of might.
You feel very mighty all of a sudden. The frilled lizard bites you.
The orc wizard casts a spell at you. The puff of flame hits you!
You die...

#######J#
#@..oo).#
#...##...
#l..8#
###o..##
#.....#
#...##..#
#..##
..8# #.o.
..## #..
..#


You could see an orc wizard, 2 orcs, an endoplasm (wandering) and a frilled
lizard.

Vanquished Creatures
  2 endoplasms
  A giant cockroach (D:1)
  3 jackals (D:1)
  A quokka (D:1)
  A ball python (D:1)
  A frilled lizard (D:1)
  2 kobolds
  3 rats
14 creatures vanquished.

Notes
Turn   | Place    | Note
-------+----------+-------------------------------------------
     0 | D:1      | frimble the Demonspawn Earth Elementalist began the quest
                  | for the Orb.
     0 | D:1      | Reached XP level 1. HP: 13/13 MP: 3/3
    33 | D:1      | Reached skill level 1 in Transmutations
   481 | D:1      | Gained mutation: You regenerate a little health from kills.
                  | [demonic ancestry]
   481 | D:1      | Reached XP level 2. HP: 16/19 MP: 5/5
  1111 | D:2      | Noticed Sigmund
  1163 | D:2      | Found a burning altar of Makhleb.
  1233 | D:2      | Noticed Terence
  1254 | D:3      | Killed from afar by an orc wizard

Illustrated notes

Levels and vault maps discovered:
D:1:      heliophobic_arrival_battle_scene, layout_loops_cross,
          chequers_arboretum
D:2:      minmay_spotlight, layout_rooms, serial_rivers,
          chequers_serial_rivers_micro_c, chequers_serial_rivers_micro_b,
          chequers_serial_rivers_room_a, chequers_serial_rivers_marsh,
          basic_altar, uniq_sigmund, uniq_terence
D:3:      minmay_chambers_of_threes, layout_rooms,
          hellmonk_ghost_happy_afterlife, serial_corexii_hall,
          chequers_hall_statues_corner_a, chequers_hall_statues_y,
          chequers_hall_statues_corner_a, uniq_crazy_yiuf_cottage

Skill      XL: |  1 |
---------------+----+-----
Transmutations | 1 |  1.1
Stealth        | 2 |  2.0
Short Blades   | |  0.7
Dodging        | |  1.9
Spellcasting   | |  2.1
Earth Magic    | |  2.8

Action                   || total
-------------------------++-------
Melee: Unarmed           ||    22
       Rapier            ||    20
 Cast: Sandblast         ||     7
  Use: Scroll            ||     2
       Potion            ||     2
 Stab: Sleeping          ||     4
Armor: Robe              ||    12
Dodge: Dodged            ||    41

Table legend: (Time is in decaauts)
 A = Elapsed time spent in this place.
 B = Non-inter-level travel time spent in this place.
 C = Inter-level travel time spent in this place.
 D = Time resting spent in this place.
 E = Time spent auto-exploring this place.
 F = Levels seen in this place.
 G = Mean time per level.
                   A        B        C        D        E       F      G
               +--------+--------+--------+--------+--------+-----+--------+
         Total |   1260 |   1178 |     82 |      0 |   1024 |   3 |  420.0 |
       Dungeon |   1260 |   1178 |     82 |      0 |   1024 |   3 |  420.0 |
               +--------+--------+--------+--------+--------+-----+--------+

Top non-repeatable levels by time:
     D:1: 1166 daAuts
     D:2: 86 daAuts
     D:3: 6 daAuts
